Blue Jackets vs Penguins
Created - February 20, 2020 at 22:45
Goals
|
Blue Jackets |
1 |
2 |
2 |
5 |
Penguins |
0 |
1 |
2 |
3 |
|
Shots
|
Blue Jackets |
11 |
12 |
10 |
33 |
Penguins |
7 |
12 |
14 |
33 |
|
1st period
1. Blue Jackets , Martin Havlat 22 (Peter Mueller 8, Derek Boogaard 22) at 8:35
Penalties :
Dustin Brown (Pit) for Roughing (Minor) at 3:16, Derek Boogaard (Clb) for Slashing (Minor) at 6:28
2nd period
2. Blue Jackets , Devin Setoguchi 11 (Artemi Panarin 30, Tyler Kennedy 12) at 7:02
3. Penguins , Dustin Brown 13 (Logan Couture 15) at 9:37
4. Blue Jackets , Artemi Panarin 22 (Max Pacioretty 17, Pavel Datsyuk 36) at 11:23 (PP)
Penalties :
Pavel Datsyuk (Clb) for Hooking (Minor) at 0:18, Dustin Brown (Pit) for Hooking (Minor) at 10:01, Mike Lundin (Clb) for Tripping (Minor) at 15:01
3rd period
5. Penguins , Clarke MacArthur 7 (Dustin Brown 10, Claude Giroux 36) at 1:46 (PP)
6. Penguins , Dustin Brown 14 (Clarke MacArthur 8, Sean Zimmerman 20) at 10:06
7. Blue Jackets , Cody Eakin 6 (Tyler Kennedy 13, Eric Wellwood 9) at 14:25
8. Blue Jackets , Eric Wellwood 10 (Peter Mueller 9) at 14:53
Penalties :
Branislav Mezei (Clb) for Tripping (Minor) at 1:15, Mike Lundin (Clb) for Tripping (Minor) at 4:04, Michael Raffl (Pit) for Hooking (Minor) at 6:46
Goalie Stats
Rick DiPietro (Clb), 30 saves from 33 shots - (0.909), W, 21-12-9, 60:00 minutes
Michal Neuvirth (Pit), 28 saves from 33 shots - (0.848), L, 22-13-4, 60:00 minutes
Players Stats for Blue Jackets
Player Name G A P +/- PIM S H SB GA TA FO MP PP MP PK MP
------------------------------------------------------------------------------------
A.J Thelen 0 0 0 0 0 2 0 0 1 0 0/0 13:09 0:00 2:05
Andreas Nodl 0 0 0 0 0 1 0 0 0 0 1/1 10:10 0:00 3:00
Artemi Panarin 1 1 2 1 0 5 3 0 2 0 2/8 24:52 2:45 4:55
Branislav Mezei 0 0 0 1 2 1 0 1 0 0 0/0 19:59 2:00 3:26
Cam Fowler 0 0 0 1 0 1 1 3 0 0 0/0 29:15 3:20 5:01
Cody Eakin 1 0 1 2 0 4 0 0 0 0 2/4 10:29 0:00 0:59
Dalton Prout 0 0 0 0 0 0 0 1 0 1 0/0 10:45 0:00 0:00
Derek Boogaard 0 1 1 -1 2 3 1 1 0 0 0/1 18:09 2:03 3:25
Devin Setoguchi 1 0 1 1 0 1 0 0 0 0 0/1 10:47 1:10 1:05
Eric Wellwood 1 1 2 2 0 4 1 0 1 1 0/0 10:58 0:00 0:58
Martin Havlat 1 0 1 -1 0 5 2 0 0 0 0/1 18:04 2:14 2:32
Max Pacioretty 0 1 1 0 0 1 1 0 1 1 0/1 15:02 1:47 0:00
Mike Comrie 0 0 0 0 0 0 0 0 0 0 2/6 8:34 0:41 0:00
Mike Lundin 0 0 0 1 4 2 2 1 1 0 0/0 27:11 3:20 2:56
Pavel Datsyuk 0 1 1 1 2 3 3 0 1 1 17/32 19:32 2:56 0:00
Peter Mueller 0 2 2 -1 0 0 0 0 0 0 2/7 14:15 2:03 0:00
Rob Scuderi 0 0 0 1 0 0 1 3 1 1 0/0 20:00 2:00 3:26
Tyler Kennedy 0 2 2 2 0 0 1 0 0 0 0/0 10:17 0:21 0:00
Players Stats for Penguins
Player Name G A P +/- PIM S H SB GA TA FO MP PP MP PK MP
------------------------------------------------------------------------------------
Ales Hemsky 0 0 0 0 0 1 0 0 0 0 0/0 8:04 0:01 0:00
Cal Clutterbuck 0 0 0 -1 0 0 2 1 0 0 0/0 11:36 0:00 1:23
Clarke MacArthur 1 1 2 2 0 4 1 0 0 0 1/2 16:31 3:57 0:33
Claude Giroux 0 1 1 -3 0 5 1 1 2 1 2/3 23:49 4:29 3:24
Danny DeKeiser 0 0 0 -2 0 1 2 1 0 0 0/0 22:50 2:54 3:45
Dougie Hamilton 0 0 0 0 0 0 0 2 0 0 0/0 13:06 1:05 0:00
Dustin Brown 2 1 3 2 4 7 0 0 0 0 0/1 15:55 3:57 0:00
Eric Gryba 0 0 0 0 0 0 2 2 0 0 0/0 13:37 0:00 1:35
Joe Colborne 0 0 0 -1 0 1 0 1 0 0 3/3 10:47 0:00 0:16
Keith Aulie 0 0 0 0 0 0 1 3 1 2 0/0 24:45 5:09 1:35
Logan Couture 0 1 1 2 0 1 1 0 1 0 8/10 17:54 3:57 1:38
Marcus Foligno 0 0 0 -3 0 1 0 0 0 0 0/3 20:25 4:29 0:00
Matt Corrente 0 0 0 -2 0 3 1 1 0 1 0/0 18:16 3:18 0:00
Michael Raffl 0 0 0 0 2 0 1 0 0 0 0/0 7:46 0:01 0:00
Sean Zimmerman 0 1 1 0 0 3 0 2 0 3 0/0 27:26 4:28 3:45
Steven Stamkos 0 0 0 -3 0 6 0 0 1 0 21/36 24:01 4:30 3:26
Tomas Plekanec 0 0 0 0 0 0 1 0 0 0 1/4 7:36 0:00 0:00
Tuomo Ruutu 0 0 0 -1 0 0 1 0 0 1 0/0 10:13 0:00 0:00
3 Stars
1 - Artemi Panarin (Clb)
2 - Eric Wellwood (Clb)
3 - Dustin Brown (Pit)
Power Play
Blue Jackets - 1 on 3 Attempt(s) - 33.33%
Penguins - 1 on 5 Attempt(s) - 20.00%
Penalty Kill
Blue Jackets - 4 on 5 Attempt(s) - 80.00%
- Score 0 goal in Penalty Kill
Penguins - 2 on 3 Attempt(s) - 66.67%
- Score 0 goal in Penalty Kill
Team Stat
Blue Jackets - Hits : 16 - Faceoff Wins : 26 - Blocked Shots : 10 - Penalty Minutes : 10
Penguins - Hits : 14 - Faceoff Wins : 36 - Blocked Shots : 14 - Penalty Minutes : 6
Official
Referees : Unknown
Linesman : Unknown
Game Notes
Devin Setoguchi is injured at 10:51 of 2nd period (Left Ankle)
Finance
Level 1 -- Attendance: 4241 (70.68%) -- Ticket Income $508,920
Level 2 -- Attendance: 3964 (79.28%) -- Ticket Income $277,480
Level 3 -- Attendance: 1525 (76.25%) -- Ticket Income $68,625
Level 4 -- Attendance: 2761 (69.03%) -- Ticket Income $96,635
Luxury Box -- Attendance: 783 (78.30%) -- Ticket Income $156,600
Game was played at the Igloo.
Total Attendance: 13274 (73.74%)
Total Ticket Income: $1,108,260
Other Income: $166,239
Total Income: $1,274,499
Blue Jackets
5 vs 5 Forward
Center Left Wing Right Wing Time % Phy DF OF
1 Pavel Datsyuk Artemi Panarin Devin Setoguchi 40 1 2 2
2 Peter Mueller Derek Boogaard Martin Havlat 30 1 2 2
3 Mike Comrie Max Pacioretty Andreas Nodl 20 1 2 2
4 Cody Eakin Eric Wellwood Tyler Kennedy 10 1 2 2
5 vs 5 Defense
Defense Defense Time % Phy DF OF
1 Mike Lundin Cam Fowler 40 1 2 2
2 Branislav Mezei Rob Scuderi 30 1 2 2
3 Dalton Prout A.J Thelen 20 1 2 2
4 Mike Lundin Cam Fowler 10 1 2 2
PowerPlay Forward
Center Left Wing Right Wing Time % Phy DF OF
1 Pavel Datsyuk Artemi Panarin Devin Setoguchi 60 1 2 2
2 Peter Mueller Derek Boogaard Martin Havlat 40 1 2 2
PowerPlay Defense
Defense Defense Time % Phy DF OF
1 Mike Lundin Cam Fowler 60 1 2 2
2 Branislav Mezei Rob Scuderi 40 1 2 2
Penalty Kill 4 Players Forward
Center Wing Time % Phy DF OF
1 Artemi Panarin Derek Boogaard 60 1 2 2
2 Devin Setoguchi Martin Havlat 40 1 2 2
Penalty Kill 4 Players Defense
Defense Defense Time % Phy DF OF
1 Mike Lundin Cam Fowler 60 1 2 2
2 Branislav Mezei Rob Scuderi 40 1 2 2
Penalty Kill - 3 Players Forward
Forward Time % Phy DF OF
1 Artemi Panarin 60 1 2 2
2 Derek Boogaard 40 1 2 2
Penalty Kill - 3 Players Defense
Defense Defense Time % Phy DF OF
1 Mike Lundin Cam Fowler 60 1 2 2
2 Branislav Mezei Rob Scuderi 40 1 2 2
4 vs 4 Forward
Center Wing Time % Phy DF OF
1 Artemi Panarin Derek Boogaard 60 1 2 2
2 Devin Setoguchi Martin Havlat 40 1 2 2
4 vs 4 Defense
Defense Defense Time % Phy DF OF
1 Mike Lundin Cam Fowler 60 1 2 2
2 Branislav Mezei Rob Scuderi 40 1 2 2
Last Minutes Offensive
Center Left Wing Right Wing Defense Defense
Pavel Datsyuk Artemi Panarin Devin Setoguchi Mike Lundin Cam Fowler
Last Minutes Defensive
Center Left Wing Right Wing Defense Defense
Pavel Datsyuk Artemi Panarin Devin Setoguchi Mike Lundin Cam Fowler
Goaltenders
Starting : Rick DiPietro
Backup : Andrei Vasilevskiy
Extra Forwards
Normal : Max Pacioretty, Mike Comrie, Andreas Nodl - PP : Max Pacioretty, Mike Comrie - PK : Andreas Nodl
Extra Defensemen
Normal : Dalton Prout, A.J Thelen, Branislav Mezei - PP : Dalton Prout - PK : A.J Thelen, Branislav Mezei
Penalty Shots
Artemi Panarin, Derek Boogaard, Devin Setoguchi, Martin Havlat, Pavel Datsyuk
Scratches
Ryan Wilson (Healthy)
Penguins
5 vs 5 Forward
Center Left Wing Right Wing Time % Phy DF OF
1 Steven Stamkos Marcus Foligno Claude Giroux 40 0 1 4
2 Logan Couture Clarke MacArthur Dustin Brown 30 0 1 4
3 Joe Colborne Tuomo Ruutu Cal Clutterbuck 20 0 1 4
4 Tomas Plekanec Michael Raffl Ales Hemsky 10 0 1 4
5 vs 5 Defense
Defense Defense Time % Phy DF OF
1 Sean Zimmerman Keith Aulie 44 1 2 2
2 Matt Corrente Danny DeKeiser 33 1 2 2
3 Dougie Hamilton Eric Gryba 23 1 2 2
4 Sean Zimmerman Dougie Hamilton 0 1 2 2
PowerPlay Forward
Center Left Wing Right Wing Time % Phy DF OF
1 Steven Stamkos Marcus Foligno Claude Giroux 60 0 1 4
2 Logan Couture Clarke MacArthur Dustin Brown 40 0 1 4
PowerPlay Defense
Defense Defense Time % Phy DF OF
1 Sean Zimmerman Keith Aulie 60 1 1 3
2 Matt Corrente Danny DeKeiser 40 1 1 3
Penalty Kill 4 Players Forward
Center Wing Time % Phy DF OF
1 Steven Stamkos Claude Giroux 60 1 4 0
2 Logan Couture Cal Clutterbuck 40 1 4 0
Penalty Kill 4 Players Defense
Defense Defense Time % Phy DF OF
1 Sean Zimmerman Danny DeKeiser 60 1 4 0
2 Keith Aulie Eric Gryba 40 1 4 0
Penalty Kill - 3 Players Forward
Forward Time % Phy DF OF
1 Claude Giroux 60 1 4 0
2 Logan Couture 40 1 4 0
Penalty Kill - 3 Players Defense
Defense Defense Time % Phy DF OF
1 Sean Zimmerman Danny DeKeiser 60 1 4 0
2 Keith Aulie Eric Gryba 40 1 4 0
4 vs 4 Forward
Center Wing Time % Phy DF OF
1 Steven Stamkos Claude Giroux 60 1 1 3
2 Logan Couture Dustin Brown 40 1 1 3
4 vs 4 Defense
Defense Defense Time % Phy DF OF
1 Sean Zimmerman Keith Aulie 60 1 2 2
2 Matt Corrente Danny DeKeiser 40 1 2 2
Last Minutes Offensive
Center Left Wing Right Wing Defense Defense
Steven Stamkos Marcus Foligno Claude Giroux Sean Zimmerman Keith Aulie
Last Minutes Defensive
Center Left Wing Right Wing Defense Defense
Steven Stamkos Marcus Foligno Claude Giroux Sean Zimmerman Keith Aulie
Goaltenders
Starting : Michal Neuvirth
Backup : Sergei Bobrovsky
Extra Forwards
Normal : Steven Stamkos, Logan Couture, Joe Colborne - PP : Steven Stamkos, Logan Couture - PK : Claude Giroux
Extra Defensemen
Normal : Sean Zimmerman, Danny DeKeiser, Eric Gryba - PP : Danny DeKeiser - PK : Sean Zimmerman, Danny DeKeiser
Penalty Shots
Clarke MacArthur, Claude Giroux, Steven Stamkos, Logan Couture, Marcus Foligno
Scratches
Andrew Cogliano (Sprained Left Finger Injury)
% Time on Ice - Blue Jackets
Lines # - Real PCT - Wanted PCT - Time Play
Normal Forward
1 - 39% - 40% - 17:48
2 - 27% - 30% - 12:24
3 - 14% - 20% - 6:31
4 - 21% - 10% - 9:30
Normal Defense
1 - 41% - 40% - 19:10
2 - 32% - 30% - 14:34
3 - 23% - 20% - 10:45
4 - 4% - 10% - 1:44
PP Forward
1 - 62% - 60% - 3:17
2 - 38% - 40% - 2:03
PP Defense
1 - 63% - 60% - 3:20
2 - 38% - 40% - 2:00
PK Forward
1 - 70% - 60% - 5:55
2 - 30% - 40% - 2:32
PK Defense
1 - 59% - 60% - 5:01
2 - 41% - 40% - 3:26
PK3 Forward
1 - 0% - 60%
2 - 0% - 40%
PK3 Defense
1 - 0% - 60%
2 - 0% - 40%
44 Forward
1 - 0% - 60%
2 - 0% - 40%
44 Defense
1 - 0% - 60%
2 - 0% - 40%
Last Minute Offensive - 0:00
Last Minute Defensive - 0:00
Total
Forward - 60:00
Defense - 60:00
|
% Time on Ice - Penguins
Lines # - Real PCT - Wanted PCT - Time Play
Normal Forward
1 - 35% - 40% - 16:24
2 - 26% - 30% - 12:00
3 - 22% - 20% - 10:13
4 - 16% - 10% - 7:36
Normal Defense
1 - 42% - 44% - 19:13
2 - 32% - 33% - 14:59
3 - 26% - 23% - 12:01
4 - 0% - 0% - 0:00
PP Forward
1 - 53% - 60% - 4:30
2 - 47% - 40% - 3:57
PP Defense
1 - 61% - 60% - 5:09
2 - 39% - 40% - 3:18
PK Forward
1 - 74% - 60% - 3:57
2 - 26% - 40% - 1:23
PK Defense
1 - 70% - 60% - 3:45
2 - 30% - 40% - 1:35
PK3 Forward
1 - 0% - 60%
2 - 0% - 40%
PK3 Defense
1 - 0% - 60%
2 - 0% - 40%
44 Forward
1 - 0% - 60%
2 - 0% - 40%
44 Defense
1 - 0% - 60%
2 - 0% - 40%
Last Minute Offensive - 0:00
Last Minute Defensive - 0:00
Total
Forward - 60:00
Defense - 60:00
|
Play-by-Play
1st period
0:01 of 1st period - Steven Stamkos wins face-off versus Pavel Datsyuk in neutral zone.
0:04 of 1st period - Wrist shot by Steven Stamkos.
0:04 of 1st period - Stopped by Rick DiPietro with a rebound.
1:57 of 1st period - Wrist shot by Clarke MacArthur.
1:57 of 1st period - Shot Blocked by Dalton Prout.
1:59 of 1st period - Snap shot by Matt Corrente.
1:59 of 1st period - Stopped by Rick DiPietro without a rebound.
2:00 of 1st period - Pavel Datsyuk wins face-off versus Clarke MacArthur in Blue Jackets zone.
2:18 of 1st period - Wrist shot by Dustin Brown.
2:18 of 1st period - Stopped by Rick DiPietro with a rebound.
2:30 of 1st period - Wrist shot by Clarke MacArthur.
2:30 of 1st period - Stopped by Rick DiPietro with a rebound.
2:32 of 1st period - Wrist shot by Matt Corrente.
2:32 of 1st period - Stopped by Rick DiPietro with a rebound.
3:16 of 1st period - Minor Penalty to Dustin Brown for Roughing.
3:17 of 1st period - Claude Giroux wins face-off versus Peter Mueller in Penguins zone.
3:22 of 1st period - Icing by Rob Scuderi.
3:23 of 1st period - Steven Stamkos wins face-off versus Peter Mueller in Blue Jackets zone.
3:26 of 1st period - Snap shot by Claude Giroux.
3:26 of 1st period - Shot Blocked by Branislav Mezei.
5:16 of 1st period - Penalty to Dustin Brown is over, Dustin Brown is back on ice.
5:56 of 1st period - Snap shot by Logan Couture.
5:56 of 1st period - Shot Misses the Net.
6:26 of 1st period - Snap shot by Ales Hemsky.
6:26 of 1st period - Shot Blocked by Rob Scuderi.
6:28 of 1st period - Minor Penalty to Derek Boogaard for Slashing.
6:29 of 1st period - Steven Stamkos wins face-off versus Artemi Panarin in Blue Jackets zone.
6:30 of 1st period - Wrist shot by Claude Giroux.
6:30 of 1st period - Shot Misses the Net.
6:32 of 1st period - Wrist shot by Steven Stamkos.
6:32 of 1st period - Shot Misses the Net.
7:33 of 1st period - Slapshot by Martin Havlat.
7:33 of 1st period - Stopped by Michal Neuvirth without a rebound.
7:34 of 1st period - Logan Couture wins face-off versus Devin Setoguchi in Penguins zone.
8:11 of 1st period - Wrist shot by Clarke MacArthur.
8:11 of 1st period - Stopped by Rick DiPietro without a rebound.
8:12 of 1st period - Artemi Panarin wins face-off versus Steven Stamkos in Blue Jackets zone.
8:28 of 1st period - Penalty to Derek Boogaard is over, Derek Boogaard is back on ice.
8:35 of 1st period - Snap shot by Martin Havlat.
8:35 of 1st period - Goal by Martin Havlat - Blue Jackets : 1 - Penguins : 0.
8:36 of 1st period - Steven Stamkos wins face-off versus Pavel Datsyuk in neutral zone.
8:53 of 1st period - Slapshot by Artemi Panarin.
8:53 of 1st period - Shot Misses the Net.
10:31 of 1st period - Wrist shot by Derek Boogaard.
10:31 of 1st period - Shot Blocked by Cal Clutterbuck.
10:41 of 1st period - Icing by Dougie Hamilton.
10:42 of 1st period - Joe Colborne wins face-off versus Pavel Datsyuk in Penguins zone.
11:14 of 1st period - Wrist shot by Mike Comrie.
11:14 of 1st period - Shot Misses the Net.
11:16 of 1st period - Slapshot by Max Pacioretty.
11:16 of 1st period - Shot Misses the Net.
11:18 of 1st period - Wrist shot by Max Pacioretty.
11:18 of 1st period - Stopped by Michal Neuvirth with a rebound.
11:29 of 1st period - Icing by Clarke MacArthur.
11:30 of 1st period - Logan Couture wins face-off versus Cody Eakin in Penguins zone.
11:57 of 1st period - Snap shot by Clarke MacArthur.
11:57 of 1st period - Shot Misses the Net.
12:05 of 1st period - Snap shot by Dustin Brown.
12:05 of 1st period - Stopped by Rick DiPietro with a rebound.
12:13 of 1st period - Wrist shot by Tyler Kennedy.
12:13 of 1st period - Shot Blocked by Dougie Hamilton.
12:15 of 1st period - Slapshot by Eric Wellwood.
12:15 of 1st period - Stopped by Michal Neuvirth with a rebound.
12:17 of 1st period - Snap shot by Eric Wellwood.
12:17 of 1st period - Stopped by Michal Neuvirth without a rebound.
12:18 of 1st period - Pavel Datsyuk wins face-off versus Steven Stamkos in Penguins zone.
12:45 of 1st period - Michael Raffl is hit by Max Pacioretty and loses puck.
12:52 of 1st period - Snap shot by Cam Fowler.
12:52 of 1st period - Stopped by Michal Neuvirth with a rebound.
12:54 of 1st period - Slapshot by Mike Lundin.
12:54 of 1st period - Stopped by Michal Neuvirth without a rebound.
12:55 of 1st period - Steven Stamkos wins face-off versus Mike Comrie in Penguins zone.
13:45 of 1st period - Snap shot by Pavel Datsyuk.
13:45 of 1st period - Stopped by Michal Neuvirth with a rebound.
13:47 of 1st period - Wrist shot by Artemi Panarin.
13:47 of 1st period - Stopped by Michal Neuvirth without a rebound.
13:48 of 1st period - Steven Stamkos wins face-off versus Pavel Datsyuk in Penguins zone.
13:59 of 1st period - Snap shot by Steven Stamkos.
13:59 of 1st period - Shot Misses the Net.
14:13 of 1st period - Pavel Datsyuk is hit by Clarke MacArthur and loses puck.
14:22 of 1st period - Matt Corrente is hit by Artemi Panarin and loses puck.
14:59 of 1st period - Snap shot by Cody Eakin.
14:59 of 1st period - Stopped by Michal Neuvirth without a rebound.
15:00 of 1st period - Cody Eakin wins face-off versus Marcus Foligno in Penguins zone.
16:00 of 1st period - Slapshot by Artemi Panarin.
16:00 of 1st period - Shot Misses the Net.
16:10 of 1st period - Andreas Nodl is hit by Cal Clutterbuck and loses puck.
17:45 of 1st period - Snap shot by Claude Giroux.
17:45 of 1st period - Shot Misses the Net.
17:47 of 1st period - Snap shot by Marcus Foligno.
17:47 of 1st period - Shot Blocked by Rob Scuderi.
18:21 of 1st period - Backhand shot by Derek Boogaard.
18:21 of 1st period - Stopped by Michal Neuvirth with a rebound.
19:42 of 1st period - Tomas Plekanec is hit by Tyler Kennedy and loses puck.
19:56 of 1st period - Tomas Plekanec is hit by Mike Lundin and loses puck.
Goals for this period are 1 for Blue Jackets vs 0 for Penguins.
Shots for this period are 11 for Blue Jackets vs 7 for Penguins.
2nd period
0:01 of 2nd period - Steven Stamkos wins face-off versus Pavel Datsyuk in neutral zone.
0:14 of 2nd period - Slapshot by Steven Stamkos.
0:14 of 2nd period - Stopped by Rick DiPietro without a rebound.
0:15 of 2nd period - Pavel Datsyuk wins face-off versus Steven Stamkos in Blue Jackets zone.
0:15 of 2nd period - Pavel Datsyuk is hit by Keith Aulie.
0:18 of 2nd period - Minor Penalty to Pavel Datsyuk for Hooking.
0:19 of 2nd period - Steven Stamkos wins face-off versus Artemi Panarin in Blue Jackets zone.
2:18 of 2nd period - Penalty to Pavel Datsyuk is over, Pavel Datsyuk is back on ice.
2:21 of 2nd period - Danny DeKeiser is hit by Martin Havlat.
2:33 of 2nd period - Slapshot by Martin Havlat.
2:33 of 2nd period - Shot Misses the Net.
2:35 of 2nd period - Slapshot by A.J Thelen.
2:35 of 2nd period - Stopped by Michal Neuvirth without a rebound.
2:36 of 2nd period - Joe Colborne wins face-off versus Cody Eakin in Penguins zone.
2:41 of 2nd period - Wrist shot by Cody Eakin.
2:41 of 2nd period - Shot Misses the Net.
2:43 of 2nd period - Wrist shot by Tyler Kennedy.
2:43 of 2nd period - Shot Misses the Net.
3:20 of 2nd period - Icing by Eric Gryba.
3:21 of 2nd period - Logan Couture wins face-off versus Derek Boogaard in Penguins zone.
3:28 of 2nd period - Cam Fowler is hit by Eric Gryba.
5:02 of 2nd period - Martin Havlat is hit by Danny DeKeiser and loses puck.
5:23 of 2nd period - Wrist shot by Logan Couture.
5:23 of 2nd period - Shot Blocked by Rob Scuderi.
5:41 of 2nd period - Slapshot by Derek Boogaard.
5:41 of 2nd period - Stopped by Michal Neuvirth with a rebound.
5:43 of 2nd period - Slapshot by Rob Scuderi.
5:43 of 2nd period - Shot Blocked by Keith Aulie.
5:45 of 2nd period - Snap shot by Peter Mueller.
5:45 of 2nd period - Shot Blocked by Sean Zimmerman.
5:47 of 2nd period - Snap shot by Peter Mueller.
5:47 of 2nd period - Deflect By Martin Havlat.
5:47 of 2nd period - Stopped by Michal Neuvirth without a rebound.
5:48 of 2nd period - Steven Stamkos wins face-off versus Pavel Datsyuk in Penguins zone.
6:32 of 2nd period - Icing by Mike Comrie.
6:33 of 2nd period - Cody Eakin wins face-off versus Tomas Plekanec in Blue Jackets zone.
6:33 of 2nd period - Cody Eakin is hit by Tomas Plekanec.
7:00 of 2nd period - Snap shot by Artemi Panarin.
7:00 of 2nd period - Stopped by Michal Neuvirth with a rebound.
7:02 of 2nd period - Snap shot by Devin Setoguchi.
7:02 of 2nd period - Goal by Devin Setoguchi - Blue Jackets : 2 - Penguins : 0.
7:03 of 2nd period - Pavel Datsyuk wins face-off versus Steven Stamkos in neutral zone.
7:14 of 2nd period - Slapshot by Marcus Foligno.
7:14 of 2nd period - Shot Misses the Net.
7:32 of 2nd period - Snap shot by Dustin Brown.
7:32 of 2nd period - Stopped by Rick DiPietro with a rebound.
8:24 of 2nd period - Snap shot by Steven Stamkos.
8:24 of 2nd period - Shot Misses the Net.
8:36 of 2nd period - Wrist shot by Pavel Datsyuk.
8:36 of 2nd period - Stopped by Michal Neuvirth with a rebound.
8:38 of 2nd period - Snap shot by Pavel Datsyuk.
8:38 of 2nd period - Deflect By Artemi Panarin.
8:38 of 2nd period - Shot Misses the Net.
8:38 of 2nd period - Puck is out of play.
8:39 of 2nd period - Clarke MacArthur wins face-off versus Pavel Datsyuk in Penguins zone.
8:48 of 2nd period - Snap shot by Sean Zimmerman.
8:48 of 2nd period - Deflect By A.J Thelen.
8:48 of 2nd period - Stopped by Rick DiPietro with a rebound.
8:50 of 2nd period - Slapshot by Sean Zimmerman.
8:50 of 2nd period - Stopped by Rick DiPietro without a rebound.
8:51 of 2nd period - Steven Stamkos wins face-off versus Pavel Datsyuk in Blue Jackets zone.
9:00 of 2nd period - Snap shot by Steven Stamkos.
9:00 of 2nd period - Deflect By Claude Giroux.
9:00 of 2nd period - Stopped by Rick DiPietro without a rebound.
9:01 of 2nd period - Pavel Datsyuk wins face-off versus Steven Stamkos in Blue Jackets zone.
9:01 of 2nd period - Pavel Datsyuk is hit by Claude Giroux.
9:33 of 2nd period - Wrist shot by Steven Stamkos.
9:33 of 2nd period - Shot Blocked by Mike Lundin.
9:35 of 2nd period - Slapshot by Sean Zimmerman.
9:35 of 2nd period - Deflect By Steven Stamkos.
9:35 of 2nd period - Shot Misses the Net.
9:35 of 2nd period - Puck is out of play.
9:36 of 2nd period - Logan Couture wins face-off versus Peter Mueller in Blue Jackets zone.
9:37 of 2nd period - Slapshot by Dustin Brown.
9:37 of 2nd period - Goal by Dustin Brown - Blue Jackets : 2 - Penguins : 1.
9:38 of 2nd period - Pavel Datsyuk wins face-off versus Marcus Foligno in neutral zone.
9:41 of 2nd period - Steven Stamkos is hit by Rob Scuderi and loses puck.
10:01 of 2nd period - Minor Penalty to Dustin Brown for Hooking.
10:02 of 2nd period - Pavel Datsyuk wins face-off versus Steven Stamkos in Penguins zone.
10:50 of 2nd period - Devin Setoguchi is hit by Danny DeKeiser and loses puck.
10:51 of 2nd period - Devin Setoguchi from Blue Jackets is injured at 10:51 of 2nd period (Left Ankle).
10:52 of 2nd period - Pavel Datsyuk wins face-off versus Steven Stamkos in Blue Jackets zone.
10:57 of 2nd period - Slapshot by Mike Lundin.
10:57 of 2nd period - Shot Blocked by Sean Zimmerman.
10:59 of 2nd period - Snap shot by Cam Fowler.
10:59 of 2nd period - Shot Blocked by Claude Giroux.
11:01 of 2nd period - Slapshot by Pavel Datsyuk.
11:01 of 2nd period - Shot Blocked by Danny DeKeiser.
11:03 of 2nd period - Wrist shot by Max Pacioretty.
11:03 of 2nd period - Shot Misses the Net.
11:05 of 2nd period - Wrist shot by Max Pacioretty.
11:05 of 2nd period - Deflect By Artemi Panarin.
11:05 of 2nd period - Shot Misses the Net.
11:05 of 2nd period - Puck is out of play.
11:06 of 2nd period - Pavel Datsyuk wins face-off versus Steven Stamkos in Penguins zone.
11:21 of 2nd period - Snap shot by Artemi Panarin.
11:21 of 2nd period - Stopped by Michal Neuvirth with a rebound.
11:23 of 2nd period - Wrist shot by Artemi Panarin.
11:23 of 2nd period - Goal by Artemi Panarin - Blue Jackets : 3 - Penguins : 1.
11:24 of 2nd period - Steven Stamkos wins face-off versus Pavel Datsyuk in neutral zone.
11:29 of 2nd period - Snap shot by Claude Giroux.
11:29 of 2nd period - Deflect By Marcus Foligno.
11:29 of 2nd period - Shot Blocked by Cam Fowler.
11:29 of 2nd period - Puck is out of play.
11:30 of 2nd period - Steven Stamkos wins face-off versus Max Pacioretty in Blue Jackets zone.
11:31 of 2nd period - Backhand shot by Claude Giroux.
11:31 of 2nd period - Stopped by Rick DiPietro without a rebound.
11:32 of 2nd period - Pavel Datsyuk wins face-off versus Steven Stamkos in Blue Jackets zone.
11:39 of 2nd period - Claude Giroux is hit by Pavel Datsyuk and loses puck.
12:30 of 2nd period - Snap shot by Artemi Panarin.
12:30 of 2nd period - Stopped by Michal Neuvirth without a rebound.
12:31 of 2nd period - Logan Couture wins face-off versus Martin Havlat in Penguins zone.
12:58 of 2nd period - Eric Wellwood is hit by Tuomo Ruutu.
13:58 of 2nd period - Slapshot by Tyler Kennedy.
13:58 of 2nd period - Shot Misses the Net.
14:26 of 2nd period - Michael Raffl is hit by Artemi Panarin and loses puck.
14:53 of 2nd period - Snap shot by Steven Stamkos.
14:53 of 2nd period - Shot Blocked by Derek Boogaard.
15:01 of 2nd period - Minor Penalty to Mike Lundin for Tripping.
15:02 of 2nd period - Steven Stamkos wins face-off versus Artemi Panarin in Blue Jackets zone.
15:03 of 2nd period - Snap shot by Claude Giroux.
15:03 of 2nd period - Shot Hit the Post.
15:05 of 2nd period - Snap shot by Steven Stamkos.
15:05 of 2nd period - Stopped by Rick DiPietro without a rebound.
15:06 of 2nd period - Steven Stamkos wins face-off versus Artemi Panarin in Blue Jackets zone.
15:09 of 2nd period - Snap shot by Steven Stamkos.
15:09 of 2nd period - Stopped by Rick DiPietro with a rebound.
15:21 of 2nd period - Slapshot by Claude Giroux.
15:21 of 2nd period - Shot Misses the Net.
15:23 of 2nd period - Slapshot by Sean Zimmerman.
15:23 of 2nd period - Shot Blocked by Cam Fowler.
16:35 of 2nd period - Snap shot by Eric Wellwood.
16:35 of 2nd period - Shot Misses the Net.
16:37 of 2nd period - Snap shot by Andreas Nodl.
16:37 of 2nd period - Shot Misses the Net.
16:39 of 2nd period - Slapshot by Branislav Mezei.
16:39 of 2nd period - Deflect By Andreas Nodl.
16:39 of 2nd period - Stopped by Michal Neuvirth without a rebound.
16:40 of 2nd period - Andreas Nodl wins face-off versus Logan Couture in Penguins zone.
16:45 of 2nd period - Snap shot by Eric Wellwood.
16:45 of 2nd period - Stopped by Michal Neuvirth without a rebound.
16:46 of 2nd period - Steven Stamkos wins face-off versus Artemi Panarin in Penguins zone.
16:53 of 2nd period - Snap shot by Steven Stamkos.
16:53 of 2nd period - Stopped by Rick DiPietro with a rebound.
16:55 of 2nd period - Snap shot by Danny DeKeiser.
16:55 of 2nd period - Stopped by Rick DiPietro with a rebound.
16:59 of 2nd period - Wrist shot by Claude Giroux.
16:59 of 2nd period - Stopped by Rick DiPietro with a rebound.
17:01 of 2nd period - Penalty to Mike Lundin is over, Mike Lundin is back on ice.
17:13 of 2nd period - Wrist shot by Andreas Nodl.
17:13 of 2nd period - Shot Blocked by Joe Colborne.
17:15 of 2nd period - Slapshot by A.J Thelen.
17:15 of 2nd period - Stopped by Michal Neuvirth without a rebound.
17:16 of 2nd period - Logan Couture wins face-off versus Mike Comrie in Penguins zone.
18:43 of 2nd period - Snap shot by Rob Scuderi.
18:43 of 2nd period - Shot Misses the Net.
19:03 of 2nd period - Slapshot by Rob Scuderi.
19:03 of 2nd period - Shot Blocked by Eric Gryba.
19:25 of 2nd period - Cal Clutterbuck is hit by Eric Wellwood and loses puck.
Goals for this period are 2 for Blue Jackets vs 1 for Penguins.
Shots for this period are 12 for Blue Jackets vs 12 for Penguins.
3rd period
0:01 of 3rd period - Pavel Datsyuk wins face-off versus Steven Stamkos in neutral zone.
0:11 of 3rd period - Icing by Claude Giroux.
0:12 of 3rd period - Steven Stamkos wins face-off versus Pavel Datsyuk in Penguins zone.
0:12 of 3rd period - Steven Stamkos is hit by Pavel Datsyuk.
0:32 of 3rd period - Icing by Pavel Datsyuk.
0:33 of 3rd period - Pavel Datsyuk wins face-off versus Dustin Brown in Blue Jackets zone.
0:33 of 3rd period - Pavel Datsyuk is hit by Matt Corrente.
0:42 of 3rd period - Off-side.
0:43 of 3rd period - Logan Couture wins face-off versus Peter Mueller in neutral zone.
0:58 of 3rd period - Slapshot by Matt Corrente.
0:58 of 3rd period - Shot Misses the Net.
1:00 of 3rd period - Slapshot by Danny DeKeiser.
1:00 of 3rd period - Shot Misses the Net.
1:12 of 3rd period - Wrist shot by Clarke MacArthur.
1:12 of 3rd period - Stopped by Rick DiPietro without a rebound.
1:13 of 3rd period - Pavel Datsyuk wins face-off versus Marcus Foligno in Blue Jackets zone.
1:15 of 3rd period - Minor Penalty to Branislav Mezei for Tripping.
1:16 of 3rd period - Artemi Panarin wins face-off versus Steven Stamkos in Blue Jackets zone.
1:46 of 3rd period - Snap shot by Clarke MacArthur.
1:46 of 3rd period - Goal by Clarke MacArthur - Blue Jackets : 3 - Penguins : 2.
1:47 of 3rd period - Pavel Datsyuk wins face-off versus Claude Giroux in neutral zone.
1:54 of 3rd period - Wrist shot by Pavel Datsyuk.
1:54 of 3rd period - Stopped by Michal Neuvirth with a rebound.
1:56 of 3rd period - Wrist shot by Max Pacioretty.
1:56 of 3rd period - Shot Misses the Net.
1:58 of 3rd period - Slapshot by Max Pacioretty.
1:58 of 3rd period - Shot Blocked by Keith Aulie.
2:02 of 3rd period - Snap shot by Artemi Panarin.
2:02 of 3rd period - Shot Blocked by Keith Aulie.
2:04 of 3rd period - Backhand shot by Pavel Datsyuk.
2:04 of 3rd period - Shot Misses the Net.
2:14 of 3rd period - Keith Aulie is hit by Mike Lundin and loses puck.
2:37 of 3rd period - Wrist shot by Dustin Brown.
2:37 of 3rd period - Stopped by Rick DiPietro without a rebound.
2:38 of 3rd period - Peter Mueller wins face-off versus Logan Couture in Blue Jackets zone.
2:38 of 3rd period - Peter Mueller is hit by Logan Couture.
3:11 of 3rd period - Snap shot by Martin Havlat.
3:11 of 3rd period - Stopped by Michal Neuvirth with a rebound.
3:49 of 3rd period - Slapshot by Dustin Brown.
3:49 of 3rd period - Stopped by Rick DiPietro without a rebound.
3:50 of 3rd period - Pavel Datsyuk wins face-off versus Steven Stamkos in Blue Jackets zone.
3:50 of 3rd period - Pavel Datsyuk is hit by Eric Gryba.
3:55 of 3rd period - Off-side.
3:56 of 3rd period - Pavel Datsyuk wins face-off versus Steven Stamkos in neutral zone.
4:04 of 3rd period - Minor Penalty to Mike Lundin for Tripping.
4:05 of 3rd period - Steven Stamkos wins face-off versus Artemi Panarin in Blue Jackets zone.
4:41 of 3rd period - Slapshot by Sean Zimmerman.
4:41 of 3rd period - Deflect By Martin Havlat.
4:41 of 3rd period - Stopped by Rick DiPietro with a rebound.
6:04 of 3rd period - Penalty to Mike Lundin is over, Mike Lundin is back on ice.
6:39 of 3rd period - Wrist shot by Max Pacioretty.
6:39 of 3rd period - Deflect By Artemi Panarin.
6:39 of 3rd period - Shot Blocked by Matt Corrente.
6:39 of 3rd period - Puck is out of play.
6:40 of 3rd period - Mike Comrie wins face-off versus Tomas Plekanec in Penguins zone.
6:41 of 3rd period - Wrist shot by Max Pacioretty.
6:41 of 3rd period - Shot Blocked by Eric Gryba.
6:43 of 3rd period - Slapshot by Mike Lundin.
6:43 of 3rd period - Deflect By Eric Gryba.
6:43 of 3rd period - Stopped by Michal Neuvirth without a rebound.
6:44 of 3rd period - Tomas Plekanec wins face-off versus Mike Comrie in Penguins zone.
6:46 of 3rd period - Minor Penalty to Michael Raffl for Hooking.
6:47 of 3rd period - Steven Stamkos wins face-off versus Pavel Datsyuk in Penguins zone.
6:57 of 3rd period - Danny DeKeiser is hit by Pavel Datsyuk and loses puck.
7:14 of 3rd period - Sean Zimmerman is hit by Derek Boogaard and loses puck.
7:29 of 3rd period - Snap shot by Logan Couture.
7:29 of 3rd period - Stopped by Rick DiPietro without a rebound.
7:30 of 3rd period - Logan Couture wins face-off versus Pavel Datsyuk in Blue Jackets zone.
7:55 of 3rd period - Steven Stamkos is hit by Cam Fowler.
8:46 of 3rd period - Penalty to Michael Raffl is over, Michael Raffl is back on ice.
8:53 of 3rd period - Snap shot by Cody Eakin.
8:53 of 3rd period - Stopped by Michal Neuvirth with a rebound.
8:55 of 3rd period - Slapshot by Branislav Mezei.
8:55 of 3rd period - Stopped by Michal Neuvirth with a rebound.
9:05 of 3rd period - Branislav Mezei is hit by Cal Clutterbuck and loses puck.
9:22 of 3rd period - Snap shot by Ales Hemsky.
9:22 of 3rd period - Stopped by Rick DiPietro without a rebound.
9:23 of 3rd period - Mike Comrie wins face-off versus Tomas Plekanec in Blue Jackets zone.
9:23 of 3rd period - Mike Comrie is hit by Michael Raffl.
9:28 of 3rd period - Off-side.
9:29 of 3rd period - Steven Stamkos wins face-off versus Mike Comrie in neutral zone.
9:38 of 3rd period - Wrist shot by Claude Giroux.
9:38 of 3rd period - Stopped by Rick DiPietro with a rebound.
10:06 of 3rd period - Snap shot by Dustin Brown.
10:06 of 3rd period - Goal by Dustin Brown - Blue Jackets : 3 - Penguins : 3.
10:07 of 3rd period - Pavel Datsyuk wins face-off versus Steven Stamkos in neutral zone.
10:50 of 3rd period - Snap shot by Tyler Kennedy.
10:50 of 3rd period - Shot Misses the Net.
11:34 of 3rd period - Snap shot by Joe Colborne.
11:34 of 3rd period - Shot Misses the Net.
12:15 of 3rd period - Wrist shot by Dustin Brown.
12:15 of 3rd period - Shot Misses the Net.
13:23 of 3rd period - Snap shot by Andreas Nodl.
13:23 of 3rd period - Shot Misses the Net.
13:25 of 3rd period - Snap shot by Martin Havlat.
13:25 of 3rd period - Stopped by Michal Neuvirth with a rebound.
13:27 of 3rd period - Snap shot by Dalton Prout.
13:27 of 3rd period - Deflect By Derek Boogaard.
13:27 of 3rd period - Stopped by Michal Neuvirth without a rebound.
13:28 of 3rd period - Peter Mueller wins face-off versus Steven Stamkos in Penguins zone.
14:00 of 3rd period - Clarke MacArthur is hit by Artemi Panarin and loses puck.
14:25 of 3rd period - Snap shot by Cody Eakin.
14:25 of 3rd period - Goal by Cody Eakin - Blue Jackets : 4 - Penguins : 3.
14:26 of 3rd period - Steven Stamkos wins face-off versus Pavel Datsyuk in neutral zone.
14:37 of 3rd period - Snap shot by Claude Giroux.
14:37 of 3rd period - Shot Blocked by Cam Fowler.
14:53 of 3rd period - Wrist shot by Eric Wellwood.
14:53 of 3rd period - Goal by Eric Wellwood - Blue Jackets : 5 - Penguins : 3.
14:54 of 3rd period - Claude Giroux wins face-off versus Pavel Datsyuk in neutral zone.
15:01 of 3rd period - Slapshot by Claude Giroux.
15:01 of 3rd period - Stopped by Rick DiPietro without a rebound.
15:02 of 3rd period - Steven Stamkos wins face-off versus Pavel Datsyuk in Blue Jackets zone.
15:13 of 3rd period - Wrist shot by Steven Stamkos.
15:13 of 3rd period - Stopped by Rick DiPietro with a rebound.
15:15 of 3rd period - Snap shot by Marcus Foligno.
15:15 of 3rd period - Stopped by Rick DiPietro with a rebound.
15:33 of 3rd period - Off-side.
15:34 of 3rd period - Joe Colborne wins face-off versus Peter Mueller in neutral zone.
15:41 of 3rd period - Wrist shot by Joe Colborne.
15:41 of 3rd period - Stopped by Rick DiPietro with a rebound.
15:43 of 3rd period - Wrist shot by Matt Corrente.
15:43 of 3rd period - Stopped by Rick DiPietro with a rebound.
15:51 of 3rd period - Danny DeKeiser is hit by Martin Havlat and loses puck.
16:29 of 3rd period - Slapshot by Claude Giroux.
16:29 of 3rd period - Shot Misses the Net.
17:49 of 3rd period - Slapshot by Tyler Kennedy.
17:49 of 3rd period - Shot Misses the Net.
17:51 of 3rd period - Slapshot by Mike Lundin.
17:51 of 3rd period - Shot Blocked by Dougie Hamilton.
17:53 of 3rd period - Wrist shot by Tyler Kennedy.
17:53 of 3rd period - Shot Hit the Post.
17:55 of 3rd period - Slapshot by Cody Eakin.
17:55 of 3rd period - Stopped by Michal Neuvirth with a rebound.
Goals for this period are 2 for Blue Jackets vs 2 for Penguins.
Shots for this period are 10 for Blue Jackets vs 14 for Penguins.
Back to the Top